 Dungeon Crawl Stone Soup version 0.27-a0-887-gcab673c142 (webtiles) character file.

Game seed: 10239193224731527294

59 Alarkh the Insei (level 3, -3/28 HPs)
             Began as a Demonspawn Gladiator on Apr 4, 2021.
             Slain by Edmund
             ... wielding a +0 flail of holy wrath
              (6 damage)
             ... on level 4 of the Dungeon.
             The game lasted 00:01:50 (2502 turns).

Alarkh the Insei (Demonspawn Gladiator)             Turns: 2502, Time: 00:01:51

Health: -3/28      AC:  5    Str: 14    XL:     3   Next: 78%
Magic:  3/3        EV: 12    Int: 10    God:
Gold:   132        SH:  0    Dex: 14    Spells: 2/2 levels left

rFire    . . .     SeeInvis .     - Unarmed
rCold    . . .     Faith    .   (no shield)
rNeg     . . .     Spirit   .   a - +0 leather armour
rPois    .         Reflect  .   b - +0 helmet
rElec    .         Harm     .   (no cloak)
rCorr    .         Rampage  .   (no gloves)
Will     .....                  (no boots)
Stlth    +.........             (no amulet)
HPRegen  0.09/turn              (no ring)
MPRegen  0.08/turn              (no ring)

@: no status effects
A: powered by death 1, sharp scales 1
a: no special abilities


You were on level 4 of the Dungeon.
You visited 1 branch of the dungeon, and saw 4 of its levels.

You collected 132 gold pieces.

Inventory:

Missiles
 c - 3 throwing nets (quivered)
 k - 6 curare-tipped darts
Armour
 a - a +0 leather armour (worn)
 b - a +0 helmet (worn)
Jewellery
 f - an amulet of guardian spirit
Scrolls
 d - 4 scrolls of teleportation {unknown}
 e - 2 scrolls of identify {unknown}
 i - a scroll of fog {unknown}
 j - 2 scrolls of enchant armour {unknown}
Potions
 h - 2 potions of flight


   Skills:
 + Level 2.8 Fighting
 - Level 1.7 Throwing
 - Level 2.6 Dodging
 * Level 3.9 Unarmed Combat


You had 2 spell levels left.
You didn't know any spells.
Your spell library contained the following spells:

 Spells                   Type           Power      Damage    Failure   Level
 Animate Skeleton         Necr           0%         N/A       43%         1
 Apportation              Tloc           0%         N/A       43%         1
 Corona                   Hex            0%         N/A       43%         1
 Summon Small Mammal      Summ           0%         N/A       43%         1


Dungeon Overview and Level Annotations

Branches:
Dungeon (4/15)
 Temple: D:4-7

Altars:
Ashenzari

Annotations:
D:4 Edmund


Innate Abilities, Weirdness & Mutations

You regenerate a little health from kills.
You are partially covered in razor-sharp scales. (AC +1, Slay +1)


Message History

There is an open door here.
There is an open door here.
There is a stone staircase leading down here.
You climb downwards.
Level annotation: Edmund
Found 16 gold pieces.
There is a stone staircase leading up here.
You now have 108 gold pieces (gained 16).
j - 2 scrolls labelled KAUMNA TIXTIXT (gained 1)
There is a stone staircase leading down here.
You now have 118 gold pieces (gained 10).
You now have 132 gold pieces (gained 14).
f - an amulet of guardian spirit Edmund is nearby!
Edmund shouts!
Edmund says, "I'm quite good with sums, too."
Edmund drinks a potion.
Edmund flickers and vanishes!
Deactivating autopickup; reactivate with Ctrl-A.
There is a stone staircase leading up here.
You climb upwards.
Reactivating autopickup.
There is a stone staircase leading down here.
You start waiting.
Done waiting.
You climb downwards.
Level annotation: Edmund Edmund hits you with a +0 flail of holy wrath.
You convulse.
There is a stone staircase leading up, spattered with blood here.
Okay, then.
You barely miss Edmund. Edmund barely misses you.
You hit Edmund but do no damage.
Edmund hits you with a +0 flail of holy wrath.
You convulse.
You hit Edmund.
Edmund is lightly wounded.
Edmund hits you with a +0 flail of holy wrath!
* * * LOW HITPOINT WARNING * * *
You convulse.
You die...

##### .. ##...##
.# ##.....## ..
#.......# #.
#.......# #.
#..@....#
#.###..@..##
#####..........#
#......#.......#
...####.#...>...#
#.##.....##
#.###...## #.#
###.# #.# #.# #..
#.#


You could see Edmund.

Vanquished Creatures
  2 adders
  A dart slug (D:1)
  2 ball pythons (D:3)
  2 endoplasms (D:2)
  4 goblins
  6 hobgoblins
  3 quokkas
  8 bats
  A frilled lizard (D:3)
  4 kobolds
  2 rats
35 creatures vanquished.

Vanquished Creatures (others)
  A plant (D:3)
1 creature vanquished.

Grand Total: 36 creatures vanquished

Notes
Turn   | Place    | Note
-------+----------+-------------------------------------------
     0 | D:1      | Alarkh the Demonspawn Gladiator began the quest for the
                  | Orb.
     0 | D:1      | Reached XP level 1. HP: 16/16 MP: 1/1
   164 | D:1      | Found a faded altar of an unknown god.
   222 | D:1      | Reached skill level 3 in Unarmed Combat
   417 | D:1      | Gained mutation: You regenerate a little health from kills.
                  | [demonic ancestry]
   417 | D:1      | Reached XP level 2. HP: 18/22 MP: 2/2
   970 | D:2      | Gained mutation: You are partially covered in razor-sharp
                  | scales. (AC +1, Slay +1) [demonic ancestry]
   970 | D:2      | Reached XP level 3. HP: 9/28 MP: 3/3
  1454 | D:3      | Found a broken altar of Ashenzari.
  2118 | D:4      | Noticed Edmund
  2309 | D:4      | Noticed an ogre
  2502 | D:4      | Slain by Edmund

Illustrated notes

Levels and vault maps discovered:
D:1:      dpeg_arrival_round_c, layout_loops_ring,
          shapermc_ecumenical_altar_notcrosses, minivault_11
D:2:      layout_rooms
D:3:      layout_basic, cheibrodos_ashenzari_chains, serial_bayou_ford_a
D:4:      layout_rooms, gammafunk_temple_overflow_wave,
          nemelex_dance_club_becter, minmay_goblin_outpost,
          uniq_crazy_yiuf_cottage, uniq_duvessa, uniq_edmund

Skill      XL: |  1 |
---------------+----+-----
Unarmed Combat | 3 |  3.9
Fighting       | |  2.8
Throwing       | |  1.7
Dodging        | |  2.6

Action                   || total
-------------------------++-------
Melee: Unarmed           ||   169
  Use: Potion            ||     4
Armor: Leather armour    ||    59
Dodge: Dodged            ||   128

Table legend: (Time is in decaauts)
 A = Elapsed time spent in this place.
 B = Non-inter-level travel time spent in this place.
 C = Inter-level travel time spent in this place.
 D = Time resting spent in this place.
 E = Time spent auto-exploring this place.
 F = Levels seen in this place.
 G = Mean time per level.
                   A        B        C        D        E       F      G
               +--------+--------+--------+--------+--------+-----+--------+
         Total |   2502 |   2376 |    126 |    447 |   1610 |   4 |  625.5 |
       Dungeon |   2502 |   2376 |    126 |    447 |   1610 |   4 |  625.5 |
               +--------+--------+--------+--------+--------+-----+--------+

Top non-repeatable levels by time:
     D:3: 1022 daAuts
     D:1: 817 daAuts
     D:2: 613 daAuts
     D:4: 49 daAuts
